 Dungeon Crawl Stone Soup version 0.31.0-9-g3a7656b989 (console) character file.

Game seed: 8327852746807155167

95 AlterAsc the Ruffian (level 4, 0/38 HPs)
             Began as a Ghoul Fighter on Jan 27, 2024.
             Was a Follower of Makhleb.
             Slain by a river rat (8 damage)
             ... in a sewer.
             The game lasted 00:02:52 (1307 turns).

AlterAsc the Ruffian (Ghoul Fighter)                Turns: 1307, Time: 00:02:53

Health: 0/38       AC: 11    Str: 21    XL:     4   Next: 65%
Magic:  4/4        EV:  2    Int:  7    God:    Makhleb [*.....]
Gold:   176        SH:  4    Dex:  8    Spells: 3/3 levels left

rFire   . .          .
                       - Unarmed
rCold   + . .        b - +0 buckler
rNeg    + + +        e - +0 plate armour
rPois   ∞            (no helmet)
rElec   .            (no cloak)
rCorr   .            (no gloves)
SInv    .            (no boots)
Will    .....        (no amulet) Stlth
                     (no ring)
HPRegen 0.00/turn    (no ring)
MPRegen 0.09/turn

%: no passive effects
@: inhibited regen, constricted
A: claws 1, cold resistance 1, negative energy resistance 3, inhibited
regeneration, torment resistance 2, devour on kill
a: Renounce Religion


You were in a sewer.
You worshipped Makhleb.
Makhleb was aware of your devotion.
You visited 1 branch of the dungeon, and saw 3 of its levels.
You also visited: Sewer.

You collected 176 gold pieces.

Inventory:

Hand Weapons
 m - a +0 hand axe
Missiles
 i - 2 poisoned darts (quivered)
Armour
 a - a +0 scale mail
 b - a +0 buckler (worn)
 e - a +0 plate armour (worn)
Wands
 n - a wand of light (7)
Scrolls
 h - a scroll of fear {unknown}
 j - a scroll of fog {unknown}
 k - 3 scrolls of vulnerability {unknown}
 p - a scroll of poison {unknown}
Potions
 c - a potion of might
 d - 2 potions of brilliance {unknown}
 f - 2 potions of enlightenment {unknown}
 g - a potion of lignification {unknown}
 l - a potion of curing {unknown}
 o - a potion of magic {unknown}


   Skills:
 - Level 3.2 Fighting
 - Level 2.6 Armour
 - Level 2.6 Shields
 + Level 5.2 Unarmed Combat


You had 3 spell levels left.
You didn't know any spells.
Your spell library contained the following spells:

 Spells                   Type           Power      Damage    Failure   Level
 Summon Small Mammal      Summ           0%         N/A       100%        1
 Call Canine Familiar     Summ           0%         N/A       100%        3
 Sigil of Binding         Hex            0%         N/A       100%        3
 Dimensional Bullseye     Hex/Tloc       0%         N/A       100%        4
 Summon Blazeheart Golem  Fire/Summ      0%         N/A       100%        4


Dungeon Overview and Level Annotations

Branches:
Dungeon (3/15)              Sewer (1/1)

Altars:
Makhleb

Shops:
D:3 :


Innate Abilities, Weirdness & Mutations

You are immune to poison.
You have sharp fingernails.
Your flesh is cold resistant. (rC+)
You are immune to negative energy. (rN+++)
You do not regenerate when monsters are visible.
You are immune to unholy pain and torment.
You thrive by killing the living.


Message History

A rat comes into view.
The ball python bites you but does no damage.
The ball python constricts you.
The river rat bites you but does no damage.
You miss the adder.
The adder is almost dead.
The rat squeaks loudly.
You hear a loud squeak.
The adder bites you.
The ball python bites you but does no damage.
The ball python constricts you. The adder bites you but does no damage.
You miss the adder.
The adder is almost dead.
The river rat bites you but does no damage.
The ball python bites you but does no damage.
The ball python constricts you. The adder bites you but does no damage.
You scratch the adder.
You kill the adder!
Makhleb accepts your kill.
You feel better.
The ball python bites you but does no damage.
The ball python constricts you.
You barely miss the river rat.
The river rat is moderately wounded.
The ball python bites you.
* * * LOW HITPOINT WARNING * * *
The ball python constricts you.
The river rat bites you but does no damage.
You barely miss the river rat.
The river rat is lightly wounded.
The ball python bites you but does no damage.
The ball python constricts you. The rat bites you but does no damage.
The river rat bites you but does no damage.
You scratch the river rat but do no damage.
The river rat is lightly wounded.
The ball python bites you.
* * * LOW HITPOINT WARNING * * *
The ball python constricts you.
* * * LOW HITPOINT WARNING * * *
The rat bites you but does no damage. The river rat bites you!
You die...

......###.......#
.....##
##......## ....##
##......# .~.##
#.~..~## ††≈≈#
#≈~~~≈≈# ≈†≈≈#
#≈~≈~≈≈# ≈~~≈#
#≈≈≈~≈≈# ~~≈≈#
#≈≈≈≈~≈# ~~~≈#
#≈≈≈~~~# ≈~.≈#
#≈≈≈~≈~# ~≈≈≈#
#≈≈≈#r@# ~~≈≈#
#≈≈≈≈rS# ~#≈≈#
#≈≈≈~~r# ≈~≈≈#
#≈≈~≈~~# ≈~~≈#
#≈≈≈r#~# ≈~~≈#
#≈≈~~≈≈# ~~≈≈#
#≈~~≈~≈# ~≈~≈#
#≈~~≈≈≈# ~≈≈~#
#~~~≈≈≈# ..~.#
##...r## ....#
......


You could see a river rat, a ball python and 3 rats.

Vanquished Creatures
  3 adders
  A dart slug (D:1)
  4 orcs (D:3)
  4 bats
  6 endoplasms
  2 giant cockroaches (D:3)
  2 goblins (D:1)
  3 hobgoblins
  4 jackals
  4 kobolds (D:1)
  5 quokkas
  4 ball pythons
  3 frilled lizards
  18 rats
63 creatures vanquished.

Notes
Turn   | Place    | Note
-------+----------+-------------------------------------------
     0 | D:1      | AlterAsc the Ghoul Fighter began the quest for the Orb.
     0 | D:1      | Reached XP level 1. HP: 19/19 MP: 1/1
    76 | D:1      | Reached skill level 3 in Unarmed Combat
    76 | D:1      | Reached XP level 2. HP: 25/26 MP: 2/2
   457 | D:1      | Reached XP level 3. HP: 31/31 MP: 3/3
   769 | D:2      | Reached skill level 4 in Unarmed Combat
   776 | D:2      | Found a burning altar of Makhleb.
   784 | D:2      | Became a worshipper of Makhleb the Destroyer
  1044 | D:2      | You fall into a shaft and drop 1 floor!
  1050 | D:3      | Reached XP level 4. HP: 38/38 MP: 4/4
  1136 | D:3      | Found Kiewuts's Vocational Training.
  1174 | D:3      | Reached * piety under Makhleb
  1204 | D:3      | Found a glowing drain.
  1208 | Sewer    | Entered a sewer
  1227 | Sewer    | Reached skill level 5 in Unarmed Combat
  1307 | Sewer    | Slain by a river rat

Illustrated notes

Levels and vault maps discovered:
D:1:      ldierk_walled_garden_2, layout_basic, serial_forest,
          infiniplex_forest_lined_room_, infiniplex_forest_straight_2,
          infiniplex_forest_lined_2, infiniplex_forest_fountain,
          infiniplex_forest_zigzag_2, infiniplex_forest_clump_C,
          infiniplex_forest_lined_2, minmay_gold_behind_fungi,
          amethyst_killhole, grunt_decor_one_mirror, nrook_mini_vaults,
          minmay_split_cup_large
D:2:      cheibrodos_greedy_goblins, layout_loops_ring, basic_altar,
          uniq_crazy_yiuf_cottage
D:3:      layout_rooms, gup_sewer_entry_spiral, nicolae_shop_vocational
Sewer:    sewer_minmay_w

Skill      XL: |  1  2  3  4 |
---------------+-------------+-----
Unarmed Combat | 3 4 5 |  5.2
Fighting       | |  3.2
Armour         | |  2.6
Shields        | |  2.6

Action                     |  1- 3 |  4- 6 || total
---------------------------+-------+-------++-------
  Melee: Unarmed           |   103 |    97 ||   200
 Armour: Scale mail        |    19 |       ||    19
         Plate armour      |    46 |   103 ||   149
  Dodge: Dodged            |    36 |    20 ||    56
  Block: Buckler           |    19 |    26 ||    45
